 Dungeon Crawl Stone Soup version 0.22.0 (webtiles) character file.

56 Blackhawk the Shield-Bearer (level 4, -1/37 HPs)
             Began as a Formicid Fighter on Oct 23, 2018.
             Succumbed to a kobold's poison
             ... on level 2 of the Dungeon.
             The game lasted 00:04:28 (1419 turns).

Blackhawk the Shield-Bearer (Formicid Fighter)      Turns: 1419, Time: 00:04:28

Health: -1/37      AC: 11    Str: 21    XL:     4   Next: 17%
Magic:  4/4        EV:  9    Int:  8    God:
Gold:   28         SH: 10    Dex: 15    Spells: 3/3 levels left

rFire    . . .     SeeInvis +   a - +0 flail
rCold    . . .     Gourm    .   c - +0 shield
rNeg     . . .     Faith    .   q - +0 plate armour
rPois    .         Spirit   .   (helmet unavailable)
rElec    .         Reflect  .   (no cloak)
rCorr    .         Harm     .   (no gloves)
MR       .....                  (no boots)
Stlth    ..........             (no amulet)
HPRegen  0.12/turn              (no ring)
MPRegen  0.09/turn              (no ring)

@: agile, lethally poisoned (-1 -> -25), flying
A: permanent stasis, dig shafts and tunnels, four strong arms, antennae 3
a: Dig, Shaft Self


You were on level 2 of the Dungeon.
You were not hungry.

You visited 1 branch of the dungeon, and saw 2 of its levels.

You collected 28 gold pieces.

Inventory:

Hand Weapons
 a - a +0 flail (weapon)
Missiles
 e - 91 stones (quivered)
 l - 35 sling bullets
Armour
 b - a +0 scale mail
 c - a +0 shield (worn)
 q - a +0 plate armour (worn)
Jewellery
 h - a +4 ring of dexterity {unknown}
Wands
 g - a wand of polymorph (9)
Scrolls
 i - a scroll of teleportation {unknown}
 j - a scroll of amnesia {unknown}
 k - a scroll of remove curse {unknown}
 m - a scroll of identify {unknown}
 r - a scroll of enchant armour {unknown}
 s - a scroll of blinking {unknown}
Potions
 d - a potion of might
Comestibles
 f - 3 rations
 o - 4 chunks of flesh


   Skills:
 + Level 3.8 Fighting
 + Level 2.5 Maces & Flails
 + Level 3.8 Armour
 + Level 4.2 Shields


You had 3 spell levels left.
You didn't know any spells.
Your spell library was empty.

Dungeon Overview and Level Annotations

Branches:
Dungeon (2/15)

Altars:


Innate Abilities, Weirdness & Mutations

You cannot be hasted, slowed, berserked, paralysed or teleported.
You can dig through walls and to a lower floor.
Your four strong arms can wield two-handed weapons with a shield.
You have a pair of large antennae on your head. (SInv)


Message History

You sock the kobold!
You kill the kobold!
* * * LOW HITPOINT WARNING * * *
You feel very sick.
It was a potion of agility.
You feel agile all of a sudden.
* * * LOW HITPOINT WARNING * * *
You feel very sick.
It was a potion of flight.
You feel very buoyant.
You fly up into the air.
* * * LOW HITPOINT WARNING * * *
You feel sick.
* * * LOW HITPOINT WARNING * * *
You feel very sick.
Things that are here:
a short sword of venom; a kobold corpse
* * * LOW HITPOINT WARNING * * *
You feel sick.
You die...

#....[....###
#...........#
###.........#.#
............# #
###.........# .##
#.........# ..
....##..>..#####.#
#.#
#..............#
#.#
..#..@..#######
#.# # ..##)..##
#.# .#.........##
###.##.#.........#
.........##..#####
.......## #..
###.#### #.
#.#######..#
#.##.......#


There were no monsters in sight!

Vanquished Creatures
  3 adders (D:2)
  An ooze (D:2)
  2 dart slugs (D:1)
  An orc (D:2)
  A ball python (D:2)
  A giant cockroach (D:2)
  3 goblins (D:1)
  A hobgoblin (D:1)
  3 bats
  A frilled lizard (D:2)
  6 kobolds
  A rat (D:2)
24 creatures vanquished.

Notes
Turn   | Place    | Note
-------+----------+-------------------------------------------
     0 | D:1      | Blackhawk the Formicid Fighter began the quest for the Orb.
     0 | D:1      | Reached XP level 1. HP: 18/18 MP: 1/1
   314 | D:1      | Reached XP level 2. HP: 21/24 MP: 2/2
   615 | D:2      | Reached skill level 4 in Shields
   615 | D:2      | Reached XP level 3. HP: 21/29 MP: 3/3
  1381 | D:2      | Reached XP level 4. HP: 25/37 MP: 4/4
  1418 | D:2      | HP: 1/37 [poisoned by a kobold]
  1419 | D:2      | Succumbed to a kobold's poison

Skill      XL: |  1  2 |
---------------+-------+-----
Shields        | 4 |  4.2
Fighting       | |  3.8
Maces & Flails | |  2.5
Armour         | |  3.8

Action                   |  1- 3 |  4- 6 || total
-------------------------+-------+-------++-------
Melee: Flail             |   121 |     7 ||   128
  Use: Potion            |       |     2 ||     2
  Eat: Chunk             |     2 |       ||     2
Armor: Scale mail        |    24 |       ||    24
       Plate armour      |    35 |     5 ||    40
Dodge: Dodged            |    22 |       ||    22
Block: Shield            |    67 |     1 ||    68
